 Dungeon Crawl Stone Soup version 0.20.1-1-g8b1a95d66d (webtiles) character file.

209 NixNut the Slasher (level 5, -9/46 HPs)
             Began as a Draconian Berserker on Dec 26, 2017.
             Was a Priest of Trog.
             Mangled by Libelnon's ghost (10 damage)
             ... on level 4 of the Dungeon.
             The game lasted 00:20:42 (2411 turns).

NixNut the Slasher (Draconian Berserker)            Turns: 2411, Time: 00:20:42

Health: -9/46      AC:  7    Str: 20    XL:     5   Next: 55%
Magic:  5/5        EV: 13    Int:  7    God:    Trog [***...]
Gold:   176        SH:  6    Dex: 11    Spells: 4/4 levels left

rFire    + . .     SeeInvis .   q - +1 war axe
rCold    + . .     Gourm    .   (no shield)
rNeg     . . .     Faith    .   (armour unavailable)
rPois    +         Spirit   .   (helmet restricted)
rElec    +         Reflect  +   (no cloak)
rCorr    +         Harm     .   k - +1 pair of gloves
MR       .....                  (no boots)
Stlth    +.........             o - +6 amulet of reflection
Regen    0.2/turn               (no ring)
MPRegen  0.1/turn               (no ring)

@: resistant
A: unfitting armour, cold-blooded, AC +5
a: Berserk, Trog's Hand, Burn Spellbooks, Renounce Religion


You were on level 4 of the Dungeon.
You worshipped Trog.
Trog was most pleased with you.
You were not hungry.

You visited 1 branch of the dungeon, and saw 4 of its levels.

You collected 176 gold pieces.

Inventory:

Hand Weapons
 a - a +0 falchion
 q - a +1 war axe (weapon)
Armour
 k - a +1 pair of gloves (worn)
Jewellery
 h - an uncursed ring of teleportation
 o - a +6 amulet of reflection (around neck)
Wands
 p - a wand of iceblast (2/15)
Scrolls
 c - a scroll of recharging
 j - a scroll of remove curse
 m - a scroll of magic mapping
 s - a scroll of identify
 t - a scroll of fog
Potions
 d - a potion of magic {unknown}
 e - a potion of invisibility
 l - a potion of brilliance {unknown}
 n - a potion of curing {unknown}
Comestibles
 b - 2 bread rations
 f - a fruit
 g - a meat ration


   Skills:
 + Level 4.2 Fighting
 - Level 4.7 Long Blades
 * Level 1.8 Axes
 - Level 3.4 Dodging
 - Level 0.4 Stealth


You had 4 spell levels left.
You didn't know any spells.

Dungeon Overview and Level Annotations

Branches:
Dungeon (4/15)
 Temple: D:4-7

Altars:
Hepliaklqana
Kikubaaqudgha
Sif Muna
Yredelemnul
Zin
The Shining One

Annotations:
D:4 Libelnon's ghost, amateur DrWz


Innate Abilities, Weirdness & Mutations

Your plain brown scales are hard. (AC +5)
You cannot fit into any form of body armour.
You are cold-blooded and may be slowed by cold attacks.


Message History

* * * LOW HITPOINT WARNING * * *
Libelnon's ghost burns you.
* * * LOW HITPOINT WARNING * * *
You feel protected.
You feel yourself speed up.
The crimson imp hits you but does no damage.
Libelnon's ghost hits you.
* * * LOW HITPOINT WARNING * * *
The crimson imp hits you but does no damage.
You closely miss Libelnon's ghost.
Libelnon's ghost is moderately damaged.
You closely miss the crimson imp. Libelnon's ghost closely misses you.
The crimson imp barely misses you. Libelnon's ghost hits you.
* * * LOW HITPOINT WARNING * * *
Libelnon's ghost burns you.
* * * LOW HITPOINT WARNING * * *
You hit Libelnon's ghost but do no damage.
Libelnon's ghost is moderately damaged.
You closely miss the crimson imp. You block the crimson imp's attack.
Libelnon's ghost hits you!
You die... ### ######.# #######....#.# #### #..........#.###...# PP ###..........#.......#.
PPPPā™£

....................... ...PP
.............#...5...# ....
.............#W####### #..
.............#@# #..
...#.#..W#####5# ##########..
##............5#####........#..
....#######................#..
..... #................#.. ....
#........##.###...##
####.....##.# #...# #.....##.#
#...# #.....##.# #...#


You could see Libelnon's ghost, a crimson imp and a white imp.

Vanquished Creatures
  A centaur skeleton (D:4)
  Jessica (D:3)
  Ijyb (D:3)
  3 adders
  An ooze (D:2)
  4 worms
  A dart slug (D:3)
  2 leopard geckos
  7 orcs
  4 giant cockroaches
  7 goblins
  11 hobgoblins
  5 jackals
  5 kobolds
  3 quokkas
  A ball python (D:1)
  8 bats
  6 frilled lizards
  6 rats
77 creatures vanquished.

Notes
Turn   | Place    | Note
-------+----------+-------------------------------------------
     0 | D:1      | NixNut the Draconian Berserker began the quest for the Orb.
     0 | D:1      | Reached XP level 1. HP: 19/19 MP: 1/1
   146 | D:1      | Reached XP level 2. HP: 25/26 MP: 2/2
   382 | D:1      | Reached ** piety under Trog
   579 | D:2      | Found a deep blue altar of Sif Muna.
   717 | D:2      | Reached XP level 3. HP: 31/31 MP: 3/3
   789 | D:2      | Found a glowing golden altar of the Shining One.
  1044 | D:2      | Reached XP level 4. HP: 14/40 MP: 4/4
  1589 | D:3      | Noticed Jessica
  1594 | D:3      | Killed Jessica
  1734 | D:3      | Noticed Ijyb
  1749 | D:3      | Killed Ijyb
  1749 | D:3      | Reached XP level 5. HP: 46/46 MP: 5/5
  1906 | D:3      | Found a hazy altar of Hepliaklqana.
  1906 | D:3      | Found a basalt altar of Yredelemnul.
  1912 | D:3      | Found a glowing silver altar of Zin.
  1914 | D:3      | Found a faded altar of an unknown god.
  1916 | D:3      | Found an ancient bone altar of Kikubaaqudgha.
  2235 | D:4      | Reached *** piety under Trog
  2277 | D:4      | Reached skill level 1 in Axes
  2379 | D:4      | Noticed Libelnon's ghost (amateur DrWz)
  2410 | D:4      | HP: 2/46 [Libelnon's ghost (5)]
  2411 | D:4      | Mangled by Libelnon's ghost

Skill      XL: |  1  2  3  4  5 |
---------------+----------------+-----
Dodging        | 3 |  3.4
Long Blades    | 4 |  4.7
Fighting       | 4 |  4.2
Axes           | 1 |  1.8
Stealth        | |  0.4

Action                   |  1- 3 |  4- 6 || total
-------------------------+-------+-------++-------
Melee: Falchion          |   113 |    61 ||   174
       Tailslap          |    19 |    13 ||    32
       War axe           |       |    50 ||    50
  Use: Scroll            |     4 |     6 ||    10
       Potion            |       |     1 ||     1
  Eat: Meat ration       |     1 |       ||     1
Armor: Skin              |    34 |    29 ||    63
Dodge: Dodged            |    85 |    76 ||   161
Block: Other             |       |    26 ||    26
       Rpst.: Falchion   |    30 |    13 ||    43
